AoeStats
← Wombat UA>Ptn

Coastal Forest

503239920Analyzed
2v2 RM · 1mo ago on Aug 30, 2026· 27m 4s· 4 players
Game mode
Random Map
Map size
Medium (4 player)
Population
200
Speed
Normal
Resources
Standard
Victory
Conquest
Starting age
Dark Age
Ending age
Imperial Age
RankedLock teamsTeams togetherTeam positionsShared explorationLock speedFull tech treeHidden civsTurbo modeCheats
Victory
Defeat
🇦🇷 Huns · Argentina
1242
+19
🇧🇷 Shu · Brazil
1236
+20
🇩🇪 Britons · Germany
1316
-19
🇩🇪 Tupi · Germany
1316
-19
NotGG
6:19 Loom
9:01 Feudal Age
9:53 Double-Bit Axe
12:53 Bloodlines
15:41 Forging
21:47 Scale Barding Armor
25:22 Castle Age
23:50 Horse Collar
25:24 Light Cavalry
26:04 Husbandry
26:43 Iron Casting
27:58 Chain Barding Armor
LOSTH
8:18 Loom
10:20 Feudal Age
14:39 Padded Archer Armor
14:30 Fletching
24:59 Castle Age
22:54 Gold Mining
25:06 Crossbowman
25:53 Thumb Ring
25:44 Bodkin Arrow
26:37 Double-Bit Axe
27:20 Leather Archer Armor
Nico
7:43 Loom
10:21 Feudal Age
11:36 Double-Bit Axe
14:18 Fletching
24:58 Castle Age
25:43 Bodkin Arrow
25:48 Crossbowman
Wombat UA>Ptn
9:14 Feudal Age
7:30 Loom
9:49 Double-Bit Axe
18:32 Fletching
20:02 Padded Archer Armor
25:27 Castle Age
25:52 Crossbowman
27:27 Bodkin Arrow
Connection lost

Rejoining the realm…

Still unreachable

The connection could not be restored.

Session expired

The server has moved on; the page needs a fresh start.